 Dungeon Crawl Stone Soup version 0.19.1 (webtiles) character file.

268 Peloso the Covered (level 6, -6/56 HPs)
             Began as a Deep Dwarf Fighter on Dec 14, 2016.
             Killed by an exploding fulminant prism (17 damage)
             ... created by lupus83's ghost
             ... on level 3 of the Dungeon.
             The game lasted 00:08:30 (1589 turns).

Peloso the Covered (Deep Dwarf Fighter)             Turns: 1589, Time: 00:08:35

Health: -6/56      AC: 10    Str: 27    XL:     6   Next: 0%
Magic:  6/6        EV:  6    Int:  8    God:
Gold:   123        SH: 10    Dex: 12    Spells: 0 memorised, 5 levels left

rFire  . . .     SeeInvis .     a - +0 long sword
rCold  . . .     Gourm    .     l - +0 chain mail
rNeg   . . .     Faith    .     c - +0 shield
rPois  .         Spirit   .     g - +0 helmet
rElec  .         Reflect  .     (no cloak)
rCorr  .         Harm     .     (no gloves)
MR     .....                    (no boots)
Stlth  ..........               u - amulet of rage
                                (no ring)
                                (no ring)

@: mighty, non-regenerating
A: damage resistance, recharge devices, sense surroundings 1, slow regeneration
3
a: Device Recharging, Evoke Berserk Rage


You were on level 3 of the Dungeon.
You were not hungry.

You visited 1 branch of the dungeon, and saw 3 of its levels.

You collected 123 gold pieces.

Inventory:

Hand Weapons
 a - a +0 long sword (weapon)
 o - a +0 dagger of pain
Missiles
 k - 3 steel tomahawks (quivered)
Armour
 c - a +0 shield (worn)
 g - a +0 helmet (worn)
 l - a +0 chain mail (worn)
Jewellery
 u - an amulet of rage (around neck)
Wands
 e - a wand of heal wounds (5/9)
Scrolls
 h - a scroll of teleportation {unknown}
 i - 5 scrolls of enchant weapon {unknown}
 j - 2 scrolls of random uselessness {unknown}
 m - a scroll of noise {unknown}
 p - 2 scrolls of identify {unknown}
 q - a scroll of blinking {unknown}
 s - a scroll of remove curse {unknown}
Potions
 n - 2 potions of curing {unknown}
 r - a potion of ambrosia {unknown}
 w - a potion of brilliance {unknown}
Comestibles
 b - a meat ration
 f - 3 bread rations
 t - 4 chunks of flesh
 v - a beef jerky


   Skills:
 + Level 3.6 Fighting
 + Level 4.0 Long Blades
 + Level 4.4 Armour
 + Level 1.0 Dodging
 + Level 4.2 Shields


You had 5 spell levels left.
You didn't know any spells.

Dungeon Overview and Level Annotations

Branches:
Dungeon (3/15)

Altars:
Okawaru


Innate Abilities, Weirdness & Mutations

You are resistant to damage.
You can recharge devices by infusing magical energy.
You passively map a small area around you.
You do not regenerate.


Message History

A fulminant prism comes into view.
Your chain mail prevents you from hitting lupus83's ghost.
Lupus83's ghost is almost destroyed.
Lupus83's ghost points at you and mumbles some strange words.
The magic dart hits you!
The fulminant prism crackles loudly.
You hit lupus83's ghost.
You destroy lupus83's ghost!
Your Long Blades skill increases to level 4!
Your Dodging skill increases to level 1!
Your Shields skill increases to level 4!
You have reached level 5!
You have reached level 6!
Your experience leads to an increase in your attributes!
Your base attributes are Str 21, Int 8, Dex 12.
Increase (S)trength, (I)ntelligence, or (D)exterity?
You feel stronger.
The fulminant prism explodes!
The blast of energy engulfs you!
You die...

### * * *#.. ,, ... ,
* #.# *#.# ,, *
*####%# #[# * * ,
....# #.# , * *#..#
#.# * #.@#####.#
#......#.# *
#.#####.##....#######
...........#.........
#####........########
###.###.## #.# #.# *
#. #.###.######,, ..
#####.#.......... ,..


There were no monsters in sight!

Vanquished Creatures
  The ghost of lupus83 the Destroyer, an amateur TeCj (D:3)
  6 adders
  2 worms (D:2)
  2 leopard geckos
  4 bats
  4 giant cockroaches
  8 goblins
  4 hobgoblins
  6 jackals
  9 frilled lizards (D:1)
  5 kobolds
  4 rats
55 creatures vanquished.

Vanquished Creatures (others)
  A leopard gecko (D:3)
1 creature vanquished.

Grand Total: 56 creatures vanquished

Notes
Turn   | Place    | Note
-------+----------+-------------------------------------------
     0 | D:1      | Peloso the Deep Dwarf Fighter began the quest for the Orb.
     0 | D:1      | Reached XP level 1. HP: 20/20 MP: 1/1
   103 | D:1      | Reached XP level 2. HP: 27/27 MP: 2/2
   442 | D:1      | Reached XP level 3. HP: 34/34 MP: 3/3
   766 | D:2      | Found an iron altar of Okawaru.
   871 | D:2      | Reached XP level 4. HP: 35/42 MP: 4/4
  1571 | D:3      | Noticed lupus83's ghost (amateur TeCj)
  1589 | D:3      | Killed lupus83's ghost
  1589 | D:3      | Reached skill level 1 in Dodging
  1589 | D:3      | Reached XP level 5. HP: 10/49 MP: 5/5
  1589 | D:3      | Reached XP level 6. HP: 11/56 MP: 6/6
  1589 | D:3      | Killed by an exploding fulminant prism

Skill      XL: |  1  2  3  4 |
---------------+-------------+-----
Fighting       | 3 |  3.6
Armour         | 4 |  4.4
Long Blades    | 4 |  4.0
Dodging        | 1 |  1.0
Shields        | 4 |  4.2

Action                   |  1- 3 |  4- 6 || total
-------------------------+-------+-------++-------
Melee: Long sword        |   116 |    90 ||   206
  Use: Potion            |       |     1 ||     1
  Eat: Chunk             |       |     3 ||     3
Armor: Scale mail        |    42 |       ||    42
       Chain mail        |    21 |    46 ||    67
Dodge: Dodged            |    37 |    19 ||    56
Block: Shield            |    46 |    44 ||    90
       Rpst.: Long sword |    11 |     4 ||    15
